[ AOE2 MATCH · #482439017 ]
Team RMCumans vs Khmer
[ REPLAY ANALYSIS · EXTRACTED FROM THE RECORDED GAME ]
Feudal
12:54
Castle
25:41
Imperial
—
| APM avg | 13.1 |
| APM peak | 28 |
| eAPM avg | 8.4 |
| Villagers / military | 51 / 22 |
Focus
⚔️ 22.6% · 🌾 77.4%
Battering Ram ×12 · Spearman ×10
Feudal
11:55
Castle
21:48
Imperial
—
| APM avg | 19.9 |
| APM peak | 44 |
| eAPM avg | 13.9 |
| Villagers / military | 72 / 13 |
Focus
⚔️ 20.5% · 🌾 79.5%
Militia ×13
Feudal
11:18
Castle
17:18
Imperial
—
| APM avg | 29.6 |
| APM peak | 66 |
| eAPM avg | 15.6 |
| Villagers / military | 60 / 4 |
Focus
⚔️ 6.4% · 🌾 93.6%
Scout Cavalry ×3 · Mangonel ×1
Feudal
12:12
Castle
16:21
Imperial
—
| APM avg | 36.1 |
| APM peak | 86 |
| eAPM avg | 13.0 |
| Villagers / military | 48 / 7 |
Focus
⚔️ 13.1% · 🌾 86.9%
Spearman ×2 · Knight ×2 · Scorpion ×2 · Mangonel ×1
Match map
Initial resources + every placement click. Lines = walls · curves = elevation contours. ◆ gold · ⬟ stone · ● berries · ✦ relic · ◌ wall gap
Your base· Open — opponent sealed themselves in
Alastor1001's base· Open — opponent sealed themselves in
Rallemontana's base· ✓ Closed at 17:18 · 26t walls · no gate
Tiox's base· ✓ Closed at 16:21 · 23t walls · no gate
Smoothed initial terrain · ◌ = detected wall gap · hover for details
Inputs per minute
— Fred - - Alastor1001
Build order — Fred
123 actions detected in the replay
| 0:05 | Build | House |
| 0:07 | Build | House |
| 0:09 | Research | Loom |
| 0:09 | Create | Villager (Male) |
| 0:09 | Create | Villager (Male) |
| 0:10 | Create | Villager (Male) |
| 0:10 | Create | Villager (Male) |
| 0:10 | Create | Villager (Male) |
| 0:10 | Create | Villager (Male) |
| 1:52 | Build | Palisade Wall |
| 1:59 | Build | Palisade Wall |
| 2:55 | Create | Villager (Male) |
| 2:56 | Create | Villager (Male) |
| 2:56 | Create | Villager (Male) |
| 2:56 | Create | Villager (Male) |
| 3:47 | Create | Villager (Male) |
| 3:47 | Create | Villager (Male) |
| 3:47 | Create | Villager (Male) |
| 3:47 | Create | Villager (Male) |
| 4:18 | Create | Villager (Male) |
| 4:19 | Create | Villager (Male) |
| 4:32 | Build | House |
| 4:33 | Build | House |
| 5:23 | Create | Villager (Male) |
| 5:23 | Create | Villager (Male) |
| 5:23 | Create | Villager (Male) |
| 5:58 | Create | Villager (Male) |
| 5:58 | Create | Villager (Male) |
| 5:58 | Create | Villager (Male) |
| 5:58 | Create | Villager (Male) |
| 5:59 | Create | Villager (Male) |
| 5:59 | Create | Villager (Male) |
| 5:59 | Create | Villager (Male) |
| 6:15 | Create | Villager (Male) |
| 6:15 | Create | Villager (Male) |
| 6:42 | Create | Villager (Male) |
| 6:42 | Create | Villager (Male) |
| 6:42 | Create | Villager (Male) |
| 6:43 | Create | Villager (Male) |
| 6:43 | Create | Villager (Male) |
| 7:46 | Create | Villager (Male) |
| 8:19 | Build | Mill |
| 9:05 | Build | Mill |
| 9:14 | Build | House |
| 10:05 | Build | Lumber Camp |
| 10:19 | Create | Villager (Male) |
| 10:37 | Research | Feudal Age |
| 12:47 | Build | Mining Camp |
| 12:54 | Age | Feudal Age |
| 12:57 | Research | Wheelbarrow |
| 13:09 | Build | Blacksmith |
| 13:16 | Research | Double-Bit Axe |
| 13:52 | Build | Siege Workshop |
| 14:22 | Build | Mill |
| 14:32 | Create | Villager (Male) |
| 14:32 | Create | Villager (Male) |
| 14:49 | Create | Battering Ram |
| 14:50 | Create | Battering Ram |
| 15:08 | Build | House |
| 15:10 | Build | House |
| 15:16 | Create | Villager (Male) |
| 15:16 | Create | Villager (Male) |
| 15:17 | Create | Villager (Male) |
| 15:49 | Create | Battering Ram |
| 15:49 | Create | Battering Ram |
| 16:17 | Create | Villager (Male) |
| 16:18 | Create | Villager (Male) |
| 16:23 | Create | Battering Ram |
| 17:00 | Build | Farm |
| 17:02 | Build | Farm |
| 17:03 | Build | Farm |
| 17:06 | Build | Farm |
| 17:59 | Create | Villager (Male) |
| 18:00 | Create | Villager (Male) |
| 18:00 | Create | Villager (Male) |
| 18:00 | Create | Villager (Male) |
| 18:00 | Create | Villager (Male) |
| 18:39 | Create | Battering Ram |
| 18:39 | Create | Battering Ram |
| 18:48 | Build | Farm |
| 18:50 | Build | Farm |
| 20:22 | Create | Battering Ram |
| 20:23 | Create | Battering Ram |
| 20:23 | Create | Battering Ram |
| 20:36 | Build | House |
| 20:52 | Build | House |
| 20:53 | Build | House |
| 20:54 | Build | House |
| 20:58 | Research | Horse Collar |
| 21:14 | Build | Market |
| 21:19 | Build | Blacksmith |
| 21:53 | Build | Barracks |
| 22:00 | Build | Mining Camp |
| 22:57 | Create | Spearman |
| 23:01 | Research | Castle Age |
| 23:07 | Build | Town Center |
| 23:40 | Research | Scale Mail Armor |
| 23:40 | Research | Forging |
| 24:19 | Create | Battering Ram |
| 24:19 | Create | Battering Ram |
| 24:23 | Create | Spearman |
| 24:23 | Create | Spearman |
| 24:23 | Create | Spearman |
| 24:24 | Create | Spearman |
| 24:24 | Create | Spearman |
| 24:24 | Create | Spearman |
| 24:24 | Create | Spearman |
| 24:25 | Create | Spearman |
| 24:25 | Create | Spearman |
| 25:21 | Create | Villager (Male) |
| 25:21 | Create | Villager (Male) |
| 25:21 | Create | Villager (Male) |
| 25:21 | Create | Villager (Male) |
| 25:32 | Build | Farm |
| 25:33 | Build | Farm |
| 25:35 | Build | Farm |
| 25:36 | Build | Farm |
| 25:37 | Build | Farm |
| 25:39 | Build | Farm |
| 25:40 | Build | Farm |
| 25:41 | Age | Castle Age |
| 25:41 | Build | Farm |
| 25:54 | Build | Mining Camp |
Build order — Alastor1001
First 150 of 168 actions detected
| 0:02 | Build | House |
| 0:11 | Create | Villager (Male) |
| 0:11 | Create | Villager (Male) |
| 0:11 | Create | Villager (Male) |
| 0:19 | Build | House |
| 0:42 | Create | Villager (Male) |
| 0:55 | Build | House |
| 0:57 | Build | House |
| 1:06 | Build | Lumber Camp |
| 1:41 | Create | Villager (Male) |
| 1:41 | Create | Villager (Male) |
| 2:22 | Create | Villager (Male) |
| 2:23 | Create | Villager (Male) |
| 2:42 | Create | Villager (Male) |
| 2:51 | Research | Loom |
| 3:18 | Create | Villager (Male) |
| 3:18 | Create | Villager (Male) |
| 3:18 | Create | Villager (Male) |
| 4:02 | Create | Villager (Male) |
| 4:02 | Create | Villager (Male) |
| 4:02 | Create | Villager (Male) |
| 4:38 | Create | Villager (Male) |
| 4:38 | Create | Villager (Male) |
| 5:40 | Create | Villager (Male) |
| 6:16 | Create | Villager (Male) |
| 6:16 | Create | Villager (Male) |
| 6:17 | Create | Villager (Male) |
| 6:17 | Create | Villager (Male) |
| 6:17 | Create | Villager (Male) |
| 6:17 | Create | Villager (Male) |
| 6:34 | Build | Mill |
| 7:13 | Build | Mining Camp |
| 8:03 | Build | Mill |
| 8:10 | Create | Villager (Male) |
| 8:10 | Create | Villager (Male) |
| 9:09 | Build | Lumber Camp |
| 9:45 | Research | Feudal Age |
| 10:02 | Build | Mill |
| 11:19 | Create | Villager (Male) |
| 11:19 | Create | Villager (Male) |
| 11:19 | Create | Villager (Male) |
| 11:55 | Age | Feudal Age |
| 12:03 | Research | Wheelbarrow |
| 12:07 | Build | House |
| 12:23 | Create | Villager (Male) |
| 12:24 | Create | Villager (Male) |
| 12:24 | Create | Villager (Male) |
| 13:09 | Build | Barracks |
| 13:17 | Build | Market |
| 13:22 | Build | Blacksmith |
| 13:46 | Build | Farm |
| 13:46 | Build | Farm |
| 13:47 | Build | Farm |
| 13:47 | Build | Farm |
| 13:47 | Build | Farm |
| 13:47 | Build | Farm |
| 13:50 | Create | Villager (Male) |
| 13:50 | Create | Villager (Male) |
| 14:00 | Create | Militia |
| 14:00 | Create | Militia |
| 14:12 | Build | House |
| 14:14 | Build | House |
| 14:15 | Build | House |
| 14:16 | Build | House |
| 14:38 | Create | Militia |
| 15:06 | Build | Farm |
| 15:07 | Build | Farm |
| 15:07 | Build | Farm |
| 15:07 | Build | Farm |
| 15:07 | Build | Farm |
| 15:08 | Build | Farm |
| 15:09 | Build | Farm |
| 15:13 | Create | Villager (Male) |
| 15:21 | Create | Villager (Male) |
| 15:23 | Create | Militia |
| 15:23 | Create | Militia |
| 15:23 | Create | Militia |
| 15:24 | Create | Militia |
| 15:48 | Build | Farm |
| 15:48 | Build | Farm |
| 15:57 | Build | Farm |
| 15:57 | Build | Farm |
| 15:58 | Build | Farm |
| 15:58 | Build | Farm |
| 16:01 | Create | Villager (Male) |
| 16:24 | Create | Militia |
| 16:38 | Create | Villager (Male) |
| 16:38 | Create | Villager (Male) |
| 16:44 | Build | Farm |
| 16:44 | Build | Farm |
| 16:45 | Build | Farm |
| 16:45 | Build | Farm |
| 16:45 | Build | Farm |
| 16:46 | Build | Farm |
| 17:42 | Create | Villager (Male) |
| 17:42 | Create | Villager (Male) |
| 17:52 | Build | Mining Camp |
| 18:14 | Create | Villager (Male) |
| 18:51 | Build | Farm |
| 19:08 | Research | Castle Age |
| 20:15 | Research | Forging |
| 21:01 | Research | Scale Mail Armor |
| 21:07 | Research | Gold Mining |
| 21:09 | Research | Stone Mining |
| 21:11 | Research | Double-Bit Axe |
| 21:12 | Research | Horse Collar |
| 21:48 | Age | Castle Age |
| 21:51 | Build | Town Center |
| 21:55 | Create | Villager (Male) |
| 21:56 | Create | Villager (Male) |
| 21:56 | Create | Villager (Male) |
| 21:56 | Create | Villager (Male) |
| 22:02 | Build | Town Center |
| 22:04 | Build | House |
| 22:05 | Build | House |
| 22:06 | Build | House |
| 22:07 | Build | House |
| 22:08 | Build | House |
| 22:44 | Research | Squires |
| 23:04 | Build | Krepost |
| 23:29 | Research | Gambesons |
| 24:03 | Build | Farm |
| 24:04 | Build | Farm |
| 24:04 | Build | Farm |
| 24:04 | Build | Farm |
| 24:04 | Build | Farm |
| 24:05 | Build | Farm |
| 24:05 | Build | Farm |
| 24:08 | Create | Villager (Male) |
| 24:08 | Create | Villager (Male) |
| 24:08 | Create | Villager (Male) |
| 24:09 | Create | Villager (Male) |
| 24:09 | Create | Villager (Male) |
| 24:09 | Create | Villager (Male) |
| 24:09 | Create | Villager (Male) |
| 24:10 | Create | Villager (Male) |
| 24:10 | Create | Villager (Male) |
| 24:10 | Create | Villager (Male) |
| 24:10 | Create | Villager (Male) |
| 24:31 | Research | Iron Casting |
| 25:01 | Build | Siege Workshop |
| 25:14 | Research | Fletching |
| 25:15 | Research | Chain Mail Armor |
| 25:20 | Build | Farm |
| 25:28 | Build | Mill |
| 25:37 | Create | Villager (Male) |
| 25:37 | Create | Villager (Male) |
| 25:37 | Create | Villager (Male) |
| 25:38 | Create | Villager (Male) |
| 25:38 | Create | Villager (Male) |
Build order — Rallemontana
104 actions detected in the replay
| 0:02 | Create | Villager (Male) |
| 0:02 | Research | Loom |
| 0:03 | Create | Villager (Male) |
| 0:03 | Create | Villager (Male) |
| 0:03 | Create | Villager (Male) |
| 0:03 | Create | Villager (Male) |
| 0:05 | Build | House |
| 0:07 | Build | House |
| 0:09 | Build | House |
| 1:11 | Build | Palisade Wall |
| 1:51 | Create | Villager (Male) |
| 2:35 | Create | Villager (Male) |
| 3:00 | Create | Villager (Male) |
| 3:00 | Create | Villager (Male) |
| 3:15 | Build | Palisade Wall |
| 3:35 | Create | Villager (Male) |
| 3:35 | Create | Villager (Male) |
| 3:54 | Create | Villager (Male) |
| 4:31 | Create | Villager (Male) |
| 4:32 | Create | Villager (Male) |
| 4:55 | Create | Villager (Male) |
| 5:12 | Build | House |
| 5:52 | Build | Lumber Camp |
| 5:55 | Create | Villager (Male) |
| 5:55 | Create | Villager (Male) |
| 6:16 | Create | Villager (Male) |
| 6:29 | Build | House |
| 6:55 | Create | Villager (Male) |
| 6:55 | Create | Villager (Male) |
| 7:32 | Create | Villager (Male) |
| 8:02 | Create | Villager (Male) |
| 8:32 | Create | Villager (Male) |
| 9:00 | Build | Mill |
| 9:08 | Research | Feudal Age |
| 9:14 | Build | Mill |
| 10:29 | Build | Mining Camp |
| 11:14 | Create | Villager (Male) |
| 11:14 | Create | Villager (Male) |
| 11:14 | Create | Villager (Male) |
| 11:18 | Age | Feudal Age |
| 12:01 | Create | Villager (Male) |
| 12:30 | Create | Villager (Male) |
| 13:05 | Create | Villager (Male) |
| 13:05 | Create | Villager (Male) |
| 13:16 | Build | House |
| 13:28 | Build | Mining Camp |
| 14:01 | Create | Villager (Male) |
| 14:38 | Research | Castle Age |
| 15:19 | Research | Double-Bit Axe |
| 15:40 | Build | Stone Wall |
| 15:59 | Build | Stone Wall |
| 16:48 | Create | Villager (Male) |
| 16:48 | Create | Villager (Male) |
| 17:18 | Age | Castle Age |
| 17:19 | Build | Town Center |
| 17:29 | Create | Villager (Male) |
| 17:29 | Create | Villager (Male) |
| 17:59 | Build | Siege Workshop |
| 18:04 | Build | Siege Workshop |
| 18:21 | Create | Villager (Male) |
| 18:21 | Create | Villager (Male) |
| 18:49 | Build | Stable |
| 18:57 | Build | Stable |
| 19:05 | Build | Stone Wall |
| 19:40 | Create | Scout Cavalry |
| 19:40 | Create | Scout Cavalry |
| 19:40 | Create | Scout Cavalry |
| 19:52 | Create | Villager (Male) |
| 19:52 | Create | Villager (Male) |
| 19:59 | Build | Farm |
| 19:59 | Build | Farm |
| 19:59 | Build | Farm |
| 20:00 | Build | Farm |
| 20:00 | Build | Farm |
| 20:56 | Create | Villager (Male) |
| 20:56 | Create | Villager (Male) |
| 20:57 | Create | Villager (Male) |
| 21:00 | Build | Farm |
| 21:01 | Build | Farm |
| 21:01 | Build | Farm |
| 21:01 | Build | Farm |
| 22:09 | Create | Villager (Male) |
| 22:09 | Create | Villager (Male) |
| 22:09 | Create | Villager (Male) |
| 22:10 | Create | Villager (Male) |
| 22:18 | Build | Town Center |
| 23:36 | Create | Villager (Male) |
| 23:36 | Create | Villager (Male) |
| 23:36 | Create | Villager (Male) |
| 23:38 | Create | Villager (Male) |
| 23:39 | Create | Villager (Male) |
| 24:28 | Create | Villager (Male) |
| 24:28 | Create | Villager (Male) |
| 24:30 | Create | Villager (Male) |
| 24:30 | Create | Villager (Male) |
| 24:57 | Build | Mining Camp |
| 25:24 | Build | Siege Workshop |
| 26:02 | Build | Stable |
| 26:05 | Create | Villager (Male) |
| 26:06 | Create | Villager (Male) |
| 26:07 | Create | Villager (Male) |
| 26:07 | Create | Villager (Male) |
| 26:07 | Create | Villager (Male) |
| 26:12 | Create | Mangonel |
Build order — Tiox
119 actions detected in the replay
| 0:00 | Create | Villager (Male) |
| 0:01 | Create | Villager (Male) |
| 0:02 | Build | House |
| 0:03 | Build | House |
| 0:43 | Create | Villager (Male) |
| 1:00 | Create | Villager (Male) |
| 1:28 | Build | Lumber Camp |
| 1:33 | Create | Villager (Male) |
| 2:19 | Create | Villager (Male) |
| 2:19 | Create | Villager (Male) |
| 2:41 | Build | Palisade Wall |
| 2:52 | Create | Villager (Male) |
| 3:25 | Create | Villager (Male) |
| 4:02 | Create | Villager (Male) |
| 4:23 | Build | House |
| 4:24 | Create | Villager (Male) |
| 4:39 | Create | Villager (Male) |
| 5:12 | Create | Villager (Male) |
| 5:55 | Create | Villager (Male) |
| 6:14 | Build | House |
| 6:23 | Create | Villager (Male) |
| 6:37 | Create | Villager (Male) |
| 6:54 | Build | House |
| 6:57 | Build | House |
| 7:00 | Create | Villager (Male) |
| 7:15 | Create | Villager (Male) |
| 7:16 | Create | Villager (Male) |
| 8:17 | Create | Villager (Male) |
| 8:21 | Build | House |
| 8:24 | Create | Villager (Male) |
| 8:32 | Create | Villager (Male) |
| 8:37 | Build | Mill |
| 9:44 | Create | Villager (Male) |
| 10:02 | Research | Feudal Age |
| 10:02 | Research | Feudal Age |
| 11:39 | Build | Mining Camp |
| 12:12 | Age | Feudal Age |
| 12:15 | Create | Villager (Male) |
| 12:20 | Build | Blacksmith |
| 12:24 | Build | Market |
| 12:28 | Create | Villager (Male) |
| 13:16 | Create | Villager (Male) |
| 13:37 | Research | Castle Age |
| 14:18 | Build | Stone Wall |
| 14:25 | Build | Stone Wall |
| 14:28 | Build | Stone Wall |
| 14:29 | Build | Stone Wall |
| 14:38 | Build | Mining Camp |
| 14:41 | Research | Double-Bit Axe |
| 14:43 | Research | Horse Collar |
| 15:12 | Create | Villager (Male) |
| 15:31 | Build | Watch Tower |
| 15:47 | Create | Villager (Male) |
| 16:21 | Age | Castle Age |
| 16:23 | Build | Mining Camp |
| 16:39 | Create | Villager (Male) |
| 16:55 | Build | Town Center |
| 17:08 | Build | Mining Camp |
| 17:25 | Create | Villager (Male) |
| 17:31 | Build | House |
| 17:33 | Build | House |
| 17:45 | Build | Town Center |
| 17:55 | Build | Town Center |
| 18:11 | Build | Siege Workshop |
| 18:25 | Create | Villager (Male) ×5 |
| 18:36 | Build | Farm |
| 18:37 | Build | Farm |
| 18:38 | Build | Farm |
| 18:38 | Build | Farm |
| 18:41 | Build | Farm |
| 18:42 | Build | Farm |
| 19:19 | Build | Farm |
| 19:19 | Build | Farm |
| 19:20 | Build | Farm |
| 19:51 | Build | Barracks |
| 20:03 | Build | Farm |
| 20:04 | Build | Farm |
| 20:04 | Build | Farm |
| 20:09 | Build | Farm |
| 20:25 | Create | Mangonel |
| 20:50 | Create | Villager (Male) ×2 |
| 21:08 | Create | Villager (Male) |
| 21:15 | Build | Farm |
| 21:15 | Build | Farm |
| 21:15 | Build | Farm |
| 21:15 | Build | Farm |
| 21:15 | Build | Farm |
| 21:16 | Build | Farm |
| 21:16 | Build | Farm |
| 21:27 | Create | Spearman |
| 21:40 | Build | Stable |
| 22:03 | Build | House |
| 22:06 | Build | House |
| 22:28 | Create | Villager (Male) ×2 |
| 22:51 | Create | Knight |
| 22:54 | Create | Spearman |
| 23:09 | Build | Farm |
| 23:09 | Build | Farm |
| 23:09 | Build | Farm |
| 23:09 | Build | Farm |
| 24:04 | Create | Villager (Male) ×4 |
| 24:33 | Build | Castle |
| 24:35 | Create | Knight |
| 24:47 | Create | Villager (Male) ×3 |
| 24:59 | Build | Mining Camp |
| 25:00 | Create | Villager (Male) |
| 25:03 | Build | Farm |
| 25:03 | Build | Farm |
| 25:04 | Build | Farm |
| 25:04 | Build | Farm |
| 25:04 | Build | Farm |
| 25:04 | Build | Farm |
| 25:05 | Build | Farm |
| 25:25 | Create | Scorpion |
| 25:49 | Build | Gate |
| 25:52 | Build | Gate |
| 25:59 | Create | Scorpion |
| 26:11 | Build | Stone Wall |
| 26:16 | Build | Stone Wall |
Match timeline
| 1:11 | Rallemontana · wall_segment Palisade Wall x9 |
| 1:52 | Fred · wall_segment Palisade Wall x8 |
| 1:59 | Fred · wall_segment Palisade Wall x3 |
| 2:41 | Tiox · wall_segment Palisade Wall x11 |
| 3:15 | Rallemontana · wall_segment Palisade Wall x8 |
| 11:18 | Rallemontana · age_up feudal |
| 11:55 | Alastor1001 · age_up feudal |
| 12:12 | Tiox · age_up feudal |
| 12:54 | Fred · age_up feudal |
| 13:09 | Alastor1001 · first_building Barracks |
| 13:52 | Fred · first_building Siege Workshop |
| 14:18 | Tiox · wall_segment Stone Wall x5 |
| 14:25 | Tiox · wall_segment Stone Wall x5 |
| 14:28 | Tiox · wall_segment Stone Wall x1 |
| 14:29 | Tiox · wall_segment Stone Wall x1 |
| 15:40 | Rallemontana · wall_segment Stone Wall x8 |
| 15:59 | Rallemontana · wall_segment Stone Wall x8 |
| 16:21 | Tiox · age_up castle |
| 17:18 | Rallemontana · age_up castle |
| 17:40 | Tiox · first_market_buy 100 stone |
| 17:59 | Rallemontana · first_building Siege Workshop |
| 18:11 | Tiox · first_building Siege Workshop |
| 18:49 | Rallemontana · first_building Stable |
| 19:05 | Rallemontana · wall_segment Stone Wall x9 |
| 19:51 | Tiox · first_building Barracks |
| 21:40 | Tiox · first_building Stable |
| 21:48 | Alastor1001 · age_up castle |
| 21:53 | Fred · first_building Barracks |
| 23:04 | Alastor1001 · first_building Krepost |
| 24:33 | Tiox · first_building Castle |
| 25:01 | Alastor1001 · first_building Siege Workshop |
| 25:41 | Fred · age_up castle |
| 26:11 | Tiox · wall_segment Stone Wall x2 |
| 26:16 | Tiox · wall_segment Stone Wall x1 |
| 26:26 | Rallemontana · resign |
[ AI ANALYSIS · 1 CREDIT ]
What really happened in this match?
Wolo.gg analyzes every decision: build order, eco, micro, common mistakes by bracket. Personalized analysis on WhatsApp or Discord in 30 seconds.
Civ guide
Cumans
Map guide
Black Forest
Perfil
Jugador #22234493